 Dungeon Crawl Stone Soup version 0.31.0-32-g396128a36d (webtiles) character file.

Game seed: 2769958477379466288

74 H0rd4k the Charlatan (level 4, -3/29 HPs)
             Began as an Octopode Artificer on Apr 18, 2024.
             Was an Initiate of Gozag.
             Slain by an orc wizard
             ... wielding a +0 dagger
              (5 damage)
             ... on level 3 of the Dungeon.
             The game lasted 00:01:36 (1972 turns).

H0rd4k the Charlatan (Octopode Artificer)           Turns: 1972, Time: 00:01:37

Health: -3/29      AC:  1    Str: 11    XL:     4   Next: 28%
Magic:  4/4        EV: 13    Int: 15    God:    Gozag
Gold:   107        SH:  0    Dex: 12    Spells: 3/3 levels left

rFire   . .          .
                       - Unarmed
rCold   . . .        (no shield)
rNeg    . . .        (helmet restricted)
rPois   .            (no amulet)
rElec   .            (no ring)
rCorr   .            (no ring)
SInv    .            (no ring)
Will    .....        (no ring)
Stlth   ++           (no ring)
HPRegen 0.24/turn    (no ring)
MPRegen 0.09/turn    (no ring)
                     (no ring)

%: no passive effects
@: confused
A: almost no armour, amphibious, 8 rings, camouflage 1, gelatinous body 1,
(nimble swimmer 1), tentacles
a: Renounce Religion, Potion Petition, Call Merchant, Bribe Branch


You were on level 3 of the Dungeon.
You worshipped Gozag.
Gozag was aware of your devotion.
You visited 1 branch of the dungeon, and saw 3 of its levels.

You collected 143 gold pieces.
You paid 36 gold pieces to Gozag.

Inventory:

Hand Weapons
 h - a +2 dagger of venom
Jewellery
 i - an amulet of magic regeneration
Wands
 b - a wand of flame (15) (quivered)
 c - a wand of charming (14)
 d - a wand of iceblast (4)
Scrolls
 f - a scroll of brand weapon {unknown}
 g - a scroll of identify {unknown}
Potions
 a - 2 potions of curing
 e - a potion of berserk rage {unknown}


   Skills:
 + Level 2.1 Fighting
 - Level 2.3 Dodging
 - Level 1.3 Stealth
 + Level 3.2 Unarmed Combat
 - Level 3.2 Evocations


You had 3 spell levels left.
You didn't know any spells.
Your spell library was empty.

Dungeon Overview and Level Annotations

Branches:
Dungeon (3/15)

Altars:
Gozag


Innate Abilities, Weirdness & Mutations

You cannot wear most types of armour.
You are amphibious.
You can wear up to eight rings at the same time.
Your skin changes colour to match your surroundings (Stealth+).
Your rubbery body absorbs attacks. (AC +1, EV +1)
((You are camouflaged when in or above water. (Stealth+)))
You have tentacles for arms and can constrict up to eight enemies at once.


Message History

Orders for allies: a - Attack new target. p - Attack previous target. r - Retreat! s - Stop attacking. g - Guard the area. f - Follow me.
Anything else - Cancel.
Guard this area!
Your orc wizard hits the dart slug with a +0 dagger.
The dart slug closely misses your orc wizard.
Your orc wizard hits the dart slug but does no damage.
Your orc wizard hits the dart slug with a +0 dagger.
The dart slug barely misses your orc wizard.
Your orc wizard hits the dart slug with a +0 dagger.
The dart slug dies!
You now have 76 gold pieces (gained 5).
You see here a +0 mace.
You now have 107 gold pieces (gained 31).
There is an open door here.
Items here: ))) [.
You closely miss your orc wizard.
The orc wizard is no longer charmed.
You can no longer detect the orc wizard.
You hear a shout!
Something hits you.
Deactivating autopickup; reactivate with Ctrl-A.
You miss something. You squeeze something.
You hear some strange, mumbled words.
You are confused.
You bump into the rock wall.
Something hits you.
You bump into the rock wall.
Something hits you.
* * * LOW HITPOINT WARNING * * *
You bump into the rock wall.
You hear some strange, mumbled words.
A puff of flame appears from out of thin air!
The puff of flame hits you!
* * * LOW HITPOINT WARNING * * *
You are too confused!
Unknown command.
You are too confused!
Something barely misses you.
You bump into the rock wall.
Something hits you.
You die...
Your body crumbles into a pile of gold.

.....#.##.>............#
#.# #. #####...######.#
#.#####.....# #.#
#..........## #.#
.)#######.## #.# #. #.#
#.# #. #)# ###.#####
##)## #.......# ##.{@##
#.#.###.#
##.....###.#...#.#
##.....<.##.###.#.#
#......####'####..#
.'.....['.......+..#####
###......#.≈...≈.#......#
##.....#.≈._.≈.#..###.#
##..(.#.≈...≈.##.# #.#
##...+.......'..# #.#


There were no monsters in sight!

Vanquished Creatures
  2 adders (D:2)
  A dart slug (D:2)
  4 orcs (D:3)
  4 ball pythons
  4 bats
  3 endoplasms
  6 hobgoblins
  4 jackals (D:1)
  2 quokkas (D:1)
  3 goblins (D:1)
  4 kobolds
  5 rats (D:1)
42 creatures vanquished.

Vanquished Creatures (collateral kills)
  A dart slug (D:3)
1 creature vanquished.

Grand Total: 43 creatures vanquished

Notes
Turn   | Place    | Note
-------+----------+-------------------------------------------
     0 | D:1      | H0rd4k the Octopode Artificer began the quest for the Orb.
     0 | D:1      | Reached XP level 1. HP: 13/13 MP: 1/1
    58 | D:1      | Reached skill level 1 in Unarmed Combat
    80 | D:1      | Reached XP level 2. HP: 11/18 MP: 2/2
   610 | D:1      | Reached XP level 3. HP: 16/24 MP: 3/3
  1639 | D:2      | Reached XP level 4. HP: 24/29 MP: 4/4
  1811 | D:3      | Found an opulent altar of Gozag.
  1881 | D:3      | Became a worshipper of Gozag Ym Sagoz the Greedy
  1972 | D:3      | Slain by an orc wizard

Illustrated notes

Levels and vault maps discovered:
D:1:      mrwooster_arrival_statue_3, layout_basic
D:2:      layout_basic, grunt_ministairs_14, serial_bayou_pond_e
D:3:      layout_loops_corners, mainiacjoe_overflow_six_doors_small

Skill      XL: |  1  2  3  4 |
---------------+-------------+-----
Unarmed Combat | 1 2 3 |  3.2
Fighting       | 2 |  2.1
Dodging        | |  2.3
Stealth        | |  1.3
Evocations     | |  3.2

Action                     |  1- 3 |  4- 6 || total
---------------------------+-------+-------++-------
  Melee: Unarmed           |    85 |    24 ||   109
         Tentacles         |    20 |     5 ||    25
         Constrict         |    22 |     6 ||    28
         Punch             |       |     1 ||     1
  Evoke: Wand              |       |     2 ||     2
    Use: Potion            |       |     1 ||     1
   Stab: Sleeping          |     5 |     2 ||     7
 Armour: Skin              |    40 |    15 ||    55
  Dodge: Dodged            |    64 |     9 ||    73
